Unix NetHack Version 5.0.0-0 post-release - last build Jun 10 2026 00:39:30 (3ee93aec679c4c4259841fe613dc97188e26a321,branch:main).

Game began 2026-06-19 23:31:09, ended 2026-06-20 00:52:32.

JohnDarcy, neutral male human Tourist

                        -----------------------------
                        |....|.....Y@.d..^^^^^^^^^^.|
                        |.```|`....----------------+|
                        |.......`.%|      |.........|
                        |.``.|`.`..|      |.........|
                        |..`.|...%.|      |.........|
                        |-.---------      |.........|
                        |....|....|       |....<....|
                        |.`%......---     |.........|
                        |..``|``...>|     |.........|
                        |....|....---     |.........|
                        -----------       -----------

JohnDarcy the Excursionist  St:8 Dx:11 Co:18 In:12 Wi:10 Ch:16  Neutral
Dlvl:4  $:2048 HP:0(63) Pw:25(25) AC:3  Xp:7 T:7077  Burdened

Latest messages:
 You hear a boulder fall.
 You swap places with your dog.
 Click!  The dog triggers a rolling boulder trap.
 You see here a food ration.
 With great effort you move the boulder.
 You see here a food ration.
 With great effort you move the boulder.
 The boulder suddenly rolls away from you!
 You hear a boulder fall.
 The dog picks up a food ration.
 The dog drops a food ration.
 Click!  You trigger a rolling boulder trap!
 No boulder was released.
 In what direction? 6
 You kick a tripe ration.
 The tripe ration falls through the hole.
 You stop.  Your dog is in the way!
 You swap places with your dog.
 Click!  The owlbear triggers a rolling boulder trap.
 You miss the owlbear.
 The owlbear hits!
 The owlbear hits again!
 The owlbear grabs you!
 You cannot escape from the owlbear!
 The owlbear hits!
 The owlbear hits again!
 You are being crushed.
 What do you want to use or apply? [cmrsTWZ or ?*] c
 In what direction? 4
 The owlbear is blinded by the flash!
 The owlbear hits!
 The owlbear hits again!
 You are being crushed.
 The owlbear just misses!
 The owlbear hits!
 You are being crushed.
 What do you want to throw? [$aD or ?*] a
 In what direction? 4
 You throw 2 darts.
 The 1st dart hits the owlbear.
 The 2nd dart hits the owlbear.
 The owlbear hits!
 The owlbear hits again!
 You are being crushed.
 You die...
 Do you want your possessions identified? [ynq] (y) y
 Do you want to see your attributes? [ynq] (y) y
 Do you want an account of creatures vanquished? [ynaq] (y) y
 Do you want to see your conduct and achievements? [ynq] (y) y
 Do you want to see the dungeon overview? [ynq] (y) y

Inventory:
 Coins    ('$')
  $ - 2048 gold pieces
 Amulets  ('"')
  N - an uncursed amulet versus poison (being worn)
 Weapons  (')')
  a - 6 blessed +2 darts (at the ready)
  A - a blessed +0 orcish dagger (weapon in left hand)
  D - a cursed +0 long sword
 Armor    ('[')
  B - an uncursed +1 orcish helm (being worn)
  q - an uncursed burnt +0 pair of water walking boots (being worn)
  X - an uncursed +0 orcish shield (being worn)
  Q - an uncursed burnt +0 leather cloak (being worn)
  k - an uncursed +0 Hawaiian shirt with a palm tree motif (being worn)
  Y - an uncursed +0 orcish chain mail (being worn)
 Comestibles  ('%')
  g - an uncursed clove of garlic
  b - 5 uncursed food rations
  K - 2 uncursed fortune cookies
  f - 4 uncursed tripe rations
  l - an uncursed tin of pickled newt meat
  v - an uncursed lichen corpse
 Potions  ('!')
  h - a blessed potion of extra healing
 Wands    ('/')
  Z - a wand of create monster (0:10)
  T - a wand of fire (0:0)
  W - a wand of sleep (0:2)
  r - a wand of teleportation (0:2)
 Tools    ('(')
  s - a cursed sack containing 34 items
  m - an uncursed credit card
  c - an expensive camera (0:13)

Contents of the sack:
  an uncursed scroll of blank paper
  an uncursed scroll of confuse monster
  an uncursed scroll of destroy armor
  a cursed scroll of destroy armor
  3 uncursed scrolls of earth
  an uncursed scroll of gold detection
  2 uncursed scrolls of magic mapping
  a cursed scroll of punishment
  an uncursed scroll of scare monster
  3 uncursed potions of extra healing
  4 uncursed potions of healing
  an uncursed potion of restore ability
  a cursed -3 ring of adornment
  an uncursed ring of cold resistance
  an uncursed ring of conflict
  an uncursed ring of fire resistance
  an uncursed ring of free action
  a cursed -2 ring of gain constitution
  an uncursed +1 ring of increase accuracy
  an uncursed -3 ring of increase damage
  a cursed -1 ring of increase damage
  an uncursed ring of invisibility
  an uncursed ring of invisibility
  an uncursed ring of invisibility
  an uncursed ring of levitation
  an uncursed ring of levitation
  an uncursed ring of poison resistance
  a cursed -2 ring of protection
  an uncursed ring of protection from shape changers
  an uncursed ring of protection from shape changers
  a cursed ring of shock resistance
  an uncursed ring of slow digestion
  an uncursed ring of stealth
  an uncursed ring of sustain ability

JohnDarcy the Tourist's attributes:

Background:
 You were an Excursionist, a level 7 male human Tourist.
 You were neutral, on a mission for The Lady
 who was opposed by Blind Io (lawful) and Offler (chaotic).
 You were left-handed.
 You were in Sokoban, on level 4.
 You entered the dungeon 7077 turns ago.
 It was the midnight hour.
 You had 925 experience points, 355 more were needed to attain level 8.

Basics:
 You had 0 out of 63 hit points.
 You had all 25 energy points (spell power).
 Your armor class was 3.
 Your wallet contained 2048 zorkmids.
 Autopickup was off.

Final Characteristics:
 Your strength was 8 (peak:9, limit:18/100).
 Your dexterity was 11 (limit:18).
 Your constitution was 18 (limit:18).
 Your intelligence was 12 (limit:18).
 Your wisdom was 10 (limit:18).
 Your charisma was 16 (limit:18).

Final Status:
 You were held by an owlbear (west).
 You weren't hungry.
 You were burdened; movement was slightly slowed.
 You were wielding a dagger.
 You were unskilled in dagger.

Final Attributes:
 You were piously aligned.
 You were poison resistant.
 You were telepathic.
 You would have confused monsters when hitting them.
 You could walk on water.
 You were warded.
 You are dead.

Miscellaneous:
 You didn't encounter any bones levels.
 Total elapsed playing time was 1 hour, 21 minutes and 20 seconds.

Major events:
 Turn
    1: JohnDarcy the neutral male human Tourist entered the dungeon
  239: attained the rank of Sightseer (level 3)
 2580: attained the rank of Excursionist (level 6)
 2669: entered Sokoban
 4121: entered the Gnomish Mines
 6955: completed 1st Sokoban level
 7077: killed by an owlbear

You didn't know any spells.

Skills:
 Fighting Skills
   bare handed combat [Unskilled]
   two weapon combat  [Unskilled]
   riding             [Unskilled]
 Weapon Skills
   dagger             [Unskilled]
   knife              [Unskilled]
   axe                [Unskilled]
   pick-axe           [Unskilled]
   short sword        [Unskilled]
   broadsword         [Unskilled]
   long sword         [Unskilled]
   two-handed sword   [Unskilled]
   saber              [Unskilled]
   mace               [Unskilled]
   morning star       [Unskilled]
   flail              [Unskilled]
   hammer             [Unskilled]
   quarterstaff       [Unskilled]
   polearms           [Unskilled]
   spear              [Unskilled]
   trident            [Unskilled]
   lance              [Unskilled]
   bow                [Unskilled]
   sling              [Unskilled]
   crossbow           [Unskilled]
   dart               [Skilled]
   shuriken           [Unskilled]
   boomerang          [Unskilled]
   whip               [Unskilled]
   unicorn horn       [Unskilled]
 Spellcasting Skills
   divination spells  [Unskilled]
   enchantment spells [Unskilled]
   escape spells      [Unskilled]

Voluntary challenges:
 Character rerolling was not enabled.
 You never genocided any monsters.
 You never polymorphed an object.
 You never changed form.
 You used no wishes.
 You did not violate any of the special Sokoban rules.
Achievements:
 You attained the rank of Sightseer.
 You entered a shop.
 You attained the rank of Excursionist.
 You entered Sokoban.
 You entered the Gnomish Mines.

 The Dungeons of Doom: levels 1 to 8
    Level 1:
    Level 2:
       A general store, a fountain.
       Stairs down to The Gnomish Mines.
    Level 3:
       A ring shop.
    Level 4:
       A fountain.
    Level 5:
       A fountain.
    Level 6:
       A throne, a fountain, a grave.
       Stairs up to Sokoban, level 5.
    Level 7:
       Many altars, a fountain.
    Level 8:
 The Gnomish Mines:
    Level 3:
 Sokoban: levels 5 up to 4
    Level 4: <- You were here.
       Unsolved.
       Final resting place for
          you, killed by an owlbear.
    Level 5:
       Solved.


Vanquished creatures:
  a small mimic
  a warhorse
  2 quivering blobs
  a gnome ruler
  a dust vortex
  a gnome mummy
  a bugbear
  2 imps
  a wood nymph
  a mountain nymph
  8 Mordor orcs
  4 Uruk-hai
  2 rock piercers
  2 rock moles
  2 ponies
  a fog cloud
  3 yellow lights
  5 gnome leaders
  a straw golem
  a paper golem
  4 giant ants
  a little dog
  2 floating eyes
  a dwarf
  a homunculus
  a kobold leader
  2 rothes
  3 rabid rats
  7 orc zombies
  4 werejackals
  3 iguanas
  2 gas spores
  2 hobbits
  4 hobgoblins
  3 giant rats
  5 cave spiders
  a brown mold
  2 green molds
 12 gnomes
  2 gnome zombies
  6 geckos
  7 jackals
  a fox
  a goblin
  4 sewer rats
  3 grid bugs
  4 lichens
  3 newts
132 creatures vanquished.

No species were genocided or became extinct.

Game over:
                       ----------
                      /          \
                     /    REST    \
                    /      IN      \
                   /     PEACE      \
                  /                  \
                  |    JohnDarcy     |
                  |     2048 Au      |
                  |   killed by an   |
                  |     owlbear      |
                  |                  |
                  |                  |
                  |       2026       |
                 *|     *  *  *      | *
        _________)/\\_//(\/(/\)/\//\/|_)_______

Aloha JohnDarcy the Tourist...

You died in Sokoban on dungeon level 4 with 5770 points,
and 2048 pieces of gold, after 7077 moves.
You were level 7 with a maximum of 63 hit points when you died.

